 Dungeon Crawl Stone Soup version 0.29.1-debian-1-gc3f1650bb9 (webtiles) character file.

Game seed: 2633475385335651391

174 IdlyInterested the Covered (level 5, 0/38 HPs)
             Began as a Demonspawn Wanderer on Sept 12, 2022.
             Slain by jlumianski's ghost (12 damage)
             ... on level 3 of the Dungeon.
             The game lasted 00:08:49 (3310 turns).

IdlyInterested the Covered (Demonspawn Wanderer)    Turns: 3310, Time: 00:08:49

Health: 0/38       AC: 13    Str: 14    XL:     5   Next: 28%
Magic:  6/8        EV:  9    Int: 13    God:
Gold:   101        SH:  0    Dex: 13    Spells: 7/8 levels left

rFire   . . .      SeeInvis .     - Unarmed
rCold   . . .      Faith    .   (no shield)
rNeg    . . .      Spirit   .   c - +2 scale mail
rPois   .          Reflect  .   (no helmet)
rElec   .          Harm     .   (no cloak)
rCorr   .          Rampage  .   (gloves unavailable)
Will    .....                   (no boots)
Stlth   ..........              (no amulet)
HPRegen 0.12/turn               i - +4 ring of protection
MPRegen 0.11/turn               (no ring)

@: mighty
A: claws 3, powered by pain 1
a: no special abilities


You were on level 3 of the Dungeon.
You visited 1 branch of the dungeon, and saw 3 of its levels.

You collected 101 gold pieces.

Inventory:

Hand Weapons
 a - a +0 dagger
 e - a +0 short sword
 g - a +0 spear
Missiles
 b - 17 poisoned darts (quivered)
Armour
 c - a +2 scale mail (worn)
 l - a +0 kite shield
Jewellery
 i - a +4 ring of protection (left claw)
Scrolls
 d - a scroll of blinking
 f - 2 scrolls of teleportation {unknown}
 m - a scroll of enchant armour {unknown}
 n - a scroll of poison {unknown}
 q - a scroll of amnesia {unknown}
Potions
 h - a potion of haste
 j - a potion of heal wounds
 p - a potion of brilliance


   Skills:
 + Level 2.0 Fighting
 - Level 1.7 Throwing
 + Level 4.0 Armour
 - Level 1.0 Dodging
 - Level 1.0 Stealth
 * Level 3.0 Unarmed Combat
 - Level 2.0 Spellcasting
 - Level 1.7 Earth Magic


You had 7 spell levels left.
You knew the following spells:

 Your Spells              Type           Power      Damage    Failure   Level
a - Sandblast             Erth           10%        2d5       43%         1

Your spell library contained the following spells:

 Spells                   Type           Power      Damage    Failure   Level
 Apportation              Tloc           2%         N/A       69%         1
 Beastly Appendage        Tmut           2%         N/A       69%         1
 Magic Dart               Conj           4%         1d3       69%         1
 Necrotise                Necr           4%         1d4       69%         1
 Summon Small Mammal      Summ           4%         N/A       69%         1
 Cigotuvi's Dreadful Rot  Necr/Pois/Air  2%         N/A       83%         2
 Poisonous Vapours        Pois/Air       2%         N/A       83%         2
 Searing Ray              Conj           2%         2d4       83%         2
 Wereblood                Tmut           1%         N/A       83%         2
 Stone Arrow              Conj/Erth      6%         3d7       91%         3
 Spider Form              Tmut/Pois      1%         N/A       96%         3
 Fulminant Prism          Conj/Hex       0%         3d6       100%        4


Dungeon Overview and Level Annotations

Branches:
Dungeon (3/15)

Altars:
Ashenzari

Annotations:
D:3 1 transporter, jlumianski's ghost, amateur DsFi


Innate Abilities, Weirdness & Mutations

You have claws for hands.
You sometimes gain a little power by taking damage.


Message History

You scratch the ice beast.
The ice beast is heavily wounded.
The bat barely misses you.
The ice beast hits you but does no damage.
The kobold hits you but does no damage.
You claw the ice beast!
The ice beast is almost dead.
The bat hits you but does no damage. The ice beast hits you.
The ice beast freezes you. The kobold hits you with a +0 dagger.
Jlumianski's ghost hits you.
You claw the ice beast!
You kill the ice beast!
The bat hits you but does no damage. Jlumianski's ghost hits you.
The hobgoblin closely misses you. The kobold closely misses you.
Training target 1.0 for Stealth reached!
Training target 2.0 for Spellcasting reached!
Your Stealth skill increases to level 1!
Your Unarmed Combat skill gained 2 levels and is now at level 3!
Your Spellcasting skill increases to level 2!
You have reached level 5!
Your demonic ancestry asserts itself...
Your hands twist into claws.
You claw the frilled lizard!
You kill the frilled lizard!
The bat hits you but does no damage. The kobold hits you but does no damage.
Jlumianski's ghost closely misses you.
The hobgoblin hits you but does no damage.
The kobold attacks as you move away! The kobold barely misses you.
The hobgoblin attacks as you move away!
The hobgoblin hits you but does no damage.
You claw the kobold!
You kill the kobold!
The bat hits you but does no damage. The hobgoblin hits you.
Jlumianski's ghost hits you. The bat barely misses you.
Things that are here:
a +0 dagger; a kobold corpse The hobgoblin attacks as you move away!
The hobgoblin closely misses you. The bat hits you but does no damage.
The bat hits you but does no damage. Jlumianski's ghost hits you!
You die...

#.## #.......©.......#..........
#.# #...#########...#..........
#'## #.[##8.....8##..#..........
...# #..#....)....#..#..........
...####..#.#.....#.#..#..........
...'.....#..#...#..#..#..........
...####..#....©....#..###########
...# #..#.?#..W#..#..........##.
...# #..#l#...b@#.#..........##.
...# #..#©......g.#..........##.
...# #..##8.$$(.8##..........'..
...# #...#########...........###
...# #.......©...............###
#### #.......................##.
#......#.###########'####..
#......#.....# #.# #.#
#......#####.### #.# #..


You could see jlumianski's ghost, a hobgoblin and a bat.

Vanquished Creatures
  An ice beast (D:3)
  4 adders
  4 endoplasms
  4 giant cockroaches
  3 goblins
  3 hobgoblins
  4 kobolds
  2 quokkas (D:2)
  4 ball pythons
  8 bats
  3 frilled lizards
  5 rats
45 creatures vanquished.

Notes
Turn   | Place    | Note
-------+----------+-------------------------------------------
     0 | D:1      | IdlyInterested the Demonspawn Wanderer began the quest for
                  | the Orb.
     0 | D:1      | IdlyInterested set off with the following items: a +0
                  | dagger, 12 poisoned darts, a +2 scale mail, a scroll of
                  | blinking; and the following spell memorised: Sandblast; and
                  | the following spells available to memorise: Stone Arrow.
     0 | D:1      | Reached XP level 1. HP: 13/13 MP: 2/2
   781 | D:1      | Found a faded altar of an unknown god.
   833 | D:1      | Reached skill level 1 in Fighting
   853 | D:1      | Gained mutation: You sometimes gain a little power by
                  | taking damage. [demonic ancestry]
   853 | D:1      | Reached XP level 2. HP: 20/21 MP: 3/3
  1785 | D:2      | Gained mutation: You have sharp fingernails. [demonic
                  | ancestry]
  1785 | D:2      | Reached XP level 3. HP: 26/27 MP: 5/5
  2196 | D:2      | Found a broken altar of Ashenzari.
  2804 | D:3      | Reached skill level 4 in Armour
  2804 | D:3      | Reached skill level 1 in Unarmed Combat
  2831 | D:3      | Gained mutation: You have very sharp fingernails. [demonic
                  | ancestry]
  2831 | D:3      | Reached XP level 4. HP: 31/33 MP: 6/6
  2840 | D:3      | Noticed jlumianski's ghost (amateur DsFi)
  2849 | D:3      | Found a transporter.
  2850 | D:3      | Noticed an ice beast
  2866 | D:3      | Found a transporter.
  3304 | D:3      | Killed an ice beast
  3305 | D:3      | Reached skill level 1 in Stealth
  3305 | D:3      | Gained mutation: You have claws for hands. [demonic
                  | ancestry]
  3305 | D:3      | Reached XP level 5. HP: 15/38 MP: 6/8
  3310 | D:3      | Slain by jlumianski's ghost

Illustrated notes

Levels and vault maps discovered:
D:1:      giann_forest_graveyard, layout_loops_corners,
          dilly_ecumenical_altar_fadedgnrine
D:2:      layout_basic, basic_altar
D:3:      layout_basic, gammafunk_ghost_arena

Skill      XL: |  1  2  3  4 |
---------------+-------------+-----
Fighting       | 1 2 |  2.0
Armour         | 4 |  4.0
Unarmed Combat | 1 3 |  3.0
Stealth        | 1 |  1.0
Spellcasting   | 2 |  2.0
Throwing       | |  1.7
Dodging        | |  1.0
Earth Magic    | |  1.7

Action                   |  1- 3 |  4- 6 || total
-------------------------+-------+-------++-------
Melee: Short sword       |    54 |       ||    54
       Dagger            |    17 |       ||    17
       Punch             |     4 |       ||     4
       Spear             |   121 |       ||   121
       Unarmed           |    17 |    28 ||    45
Throw: Dart              |     4 |       ||     4
  Use: Scroll            |     4 |     1 ||     5
       Potion            |       |     1 ||     1
Armor: Scale mail        |   118 |    22 ||   140
Dodge: Dodged            |   106 |    21 ||   127
